 Dungeon Crawl Stone Soup version 0.17-a0-1442-g10bb59b (webtiles) character file.

68 mrath the Shooter (level 4, 0/36 HPs)
             Began as a Centaur Hunter on June 27, 2015.
             Was a Follower of Nemelex Xobeh.
             Slain by Fusha's ghost (2 damage)
             ... on level 3 of the Dungeon.
             The game lasted 00:32:41 (2546 turns).

mrath the Shooter (Centaur Hunter)                  Turns: 2546, Time: 00:32:49

Health: 0/36       AC:  6    Str: 14    XL:     4   Next: 1%
Magic:  4/4        EV:  8    Int: 10    God:    Nemelex Xobeh [*.....]
Gold:   120        SH:  0    Dex: 11    Spells: 0 memorised, 3 levels left

rFire  . . .     SeeInvis .     f - +1 short sword (venom)
rCold  . . .     Clarity  .     n - +0 ring mail
rNeg   . . .     SustAt   .     (no shield)
rPois  .         Gourm    .     q - +0 helmet
rElec  .         Spirit   .     (no cloak)
rCorr  .         Warding  .     (no gloves)
rMut   .         Stasis   .     (no barding)
MR     .....                    (no amulet)
Stlth  +.........               (no ring)
                                (no ring)

@: cleaving, very slightly contaminated, very quick, not resistant to hostile
enchantments, very unstealthy
A: hooves 3, deformed body, speed 2, tough skin 3
a: Renounce Religion


You were on level 3 of the Dungeon.
You worshipped Nemelex Xobeh.
Nemelex Xobeh was aware of your devotion.
You were not hungry.

You visited 1 branch of the dungeon, and saw 3 of its levels.

You collected 120 gold pieces.

Inventory:

Hand weapons
 a - a +1 shortbow
 c - a +0 short sword
 f - a +1 short sword of venom (weapon)
 h - a +0 dagger
 o - a +0 whip
Missiles
 b - 96 arrows
 i - 19 poisoned needles
 l - 51 stones (quivered)
Armour
 d - a +0 leather armour
 g - a +0 buckler
 n - a +0 ring mail (worn)
 q - a +0 helmet (worn)
Jewellery
 v - an uncursed amulet of the gourmand {unknown}
Scrolls
 t - 2 scrolls of teleportation
Potions
 k - 2 potions of lignification
Miscellaneous
 j - a plain deck of war {drawn: 5}
 p - a plain deck of war
Comestibles
 e - 2 bread rations
 m - a meat ration
 r - a beef jerky
 s - 5 chunks of flesh


   Skills:
 + Level 2.2 Fighting
 + Level 0.3 Short Blades
 + Level 6.7 Bows
 + Level 0.2 Armour
 + Level 1.8 Dodging
 + Level 0.5 Stealth
 + Level 0.1 Evocations


You had 3 spell levels left.
You didn't know any spells.

Dungeon Overview and Level Annotations

Branches:
Dungeon (3/15)

Altars:
Nemelex Xobeh

Annotations:
D:3 Fusha's ghost, average HuWn


Innate Abilities, Weirdness & Mutations

You have hooves in place of feet.
Armour fits poorly on your strangely shaped body.
You cover ground very quickly.
You have extremely tough skin (AC +3).


Message History

Your +1 shortbow looks oddly sharp.
Firing (i - inventory. (,) - cycle):
b - 97 arrows (quivered)
Press: ? - help, Shift-Dir - straight line, f/p - Fusha's ghost
Aim: Fusha's ghost (moderately damaged)
You shoot an arrow.
The arrow hits Fusha's ghost but does no damage.
Fusha's ghost is moderately damaged.
Fusha's ghost hits you.
* * * LOW HITPOINT WARNING * * *
Wield which item (- for none, * to show all)? (? for menu, Esc to quit)
It begins to drip with poison!
f - a +1 short sword of venom (weapon)
Evoke which item? (* to show all) (? for menu, Esc to quit)
You draw a card...
It is Water.
Splash!
You fall into the shallow water.
Moving in this stuff is going to be slow.
Fusha's ghost hits you.
You die...
Your body glows slightly and disappears.

#.#################
#.#......^.........
#.#>#########..####
#(#.# #...... ##
#...# #..#### ..
##..# ###..# #. #.
#..# ..... #.
#.#W≈# ##.#.##.
#≈@≈# #....#.
#.#E## #. #.#.
#.##.# #... #. #.#
###. # #.# #... ...
#.## #.# ...## #.#
##.##. #.#..


You could see Fusha's ghost and a friendly water elemental.

Vanquished Creatures
  An adder (D:3)
  2 worms (D:2)
  A giant gecko (D:1)
  5 orcs (D:3)
  10 bats
  A giant cockroach (D:1)
  7 goblins
  3 hobgoblins
  6 jackals
  A giant newt (D:1)
  7 kobolds
  2 rats
46 creatures vanquished.

Notes
Turn   | Place    | Note
--------------------------------------------------------------
     0 | D:1      | mrath the Centaur Hunter began the quest for the Orb.
     0 | D:1      | Reached XP level 1. HP: 17/17 MP: 1/1
   161 | D:1      | Reached XP level 2. HP: 15/24 MP: 2/2
   419 | D:1      | Found a sparkling altar of Nemelex Xobeh.
   428 | D:1      | Became a worshipper of Nemelex Xobeh the Trickster
   433 | D:1      | Received a gift from Nemelex Xobeh
   588 | D:1      | Reached skill level 6 in Bows
  1246 | D:2      | Reached XP level 3. HP: 27/29 MP: 3/3
  1832 | D:2      | Received a gift from Nemelex Xobeh
  2454 | D:3      | Reached XP level 4. HP: 36/36 MP: 4/4
  2505 | D:3      | Noticed Fusha's ghost (average HuWn)
  2524 | D:3      | HP: 1/36 [Fusha's ghost (8)]
  2546 | D:3      | Slain by Fusha's ghost

Vault maps used:
D:1:      saegor_arrival_simple_a, nemelex_xobeh_ov_fountains_minmay
D:2:      hex_tiny
D:3:      gammafunk_temple_overflow_forgotten, eino_tiny_chamber

Action                   |  1- 3 |  4- 6 || total
-------------------------+-------+-------++-------
Melee: Short sword       |    74 |    12 ||    86
 Fire: Shortbow          |    78 |     7 ||    85
Throw: Stone             |     1 |       ||     1
Evoke: Deck              |     2 |     3 ||     5
  Use: Scroll            |     4 |     1 ||     5
  Eat: Chunk             |     3 |       ||     3
